 Dungeon Crawl Stone Soup version 0.30-b1-2-g02819fbbbe (webtiles) character file.

Game seed: 5053236851077349916

170 Alarkh the Insei (level 5, -2/38 HPs)
             Began as a Demonspawn Warper on May 27, 2023.
             Slain by a gnoll
             ... wielding a +0 halberd
              (14 damage)
             ... on level 3 of the Dungeon.
             The game lasted 00:01:52 (1680 turns).

Alarkh the Insei (Demonspawn Warper)                Turns: 1680, Time: 00:01:53

Health: -2/38      AC:  3    Str: 11    XL:     5   Next: 25%
Magic:  8/8        EV: 12    Int: 17    God:
Gold:   229        SH:  0    Dex: 18    Spells: 8/8 levels left

rFire   . .          .
                       - Unarmed
rCold   . . .        (no shield)
rNeg    . . .        a - +0 leather armour
rPois   .            (no helmet)
rElec   .            (no cloak)
rCorr   .            (no gloves)
SInv    .            (no boots)
Will    .....        (no amulet)
Stlth   +            e - +6 ring of dexterity
HPRegen 0.26/turn    (no ring)
MPRegen 0.11/turn

%: no passive effects
@: no status effects
A: powered by death 1, weakness stinger 1, demonic touch 1
a: no special abilities


You were on level 3 of the Dungeon.
You visited 1 branch of the dungeon, and saw 3 of its levels.

You collected 229 gold pieces.

Inventory:

Missiles
 c - 7 boomerangs of dispersal (quivered)
 h - a throwing net
Armour
 a - a +0 leather armour (worn)
Jewellery
 e - a +6 ring of dexterity (left hand)
Scrolls
 b - 2 scrolls of blinking
 g - 7 scrolls of teleportation {unknown}
 i - 2 scrolls of fog {unknown}
Potions
 d - a potion of haste {unknown}
 f - 3 potions of might {unknown}
 j - a potion of heal wounds {unknown}
 k - a potion of berserk rage {unknown}
 l - a potion of curing {unknown}
 m - a potion of flight {unknown}
 n - a potion of cancellation {unknown}
 o - a potion of mutation {unknown}


   Skills:
 - Level 2.0 Fighting
 - Level 0.8 Throwing
 - Level 0.8 Armour
 - Level 1.7 Dodging
 + Level 5.0 Unarmed Combat
 - Level 2.0 Spellcasting
 - Level 2.6 Translocations


You had 8 spell levels left.
You didn't know any spells.
Your spell library contained the following spells:

 Spells                   Type           Power      Damage    Failure   Level
 Apportation              Tloc           20%        N/A       9%          1
 Blink                    Tloc           20%        N/A       13%         2
 Lesser Beckoning         Tloc           20%        N/A       13%         2
 Freeze                   Ice            4%         1d3       26%         1
 Teleport Other           Tloc           10%        N/A       26%         3
 Vhi's Electric Charge    Tloc/Air       12%        N/A       41%         3
 Frozen Ramparts          Ice            2%         1d1       58%         3
 Hailstorm                Conj/Ice       1%         3d3       58%         3
 Manifold Assault         Tloc           10%        N/A       63%         4
 Alistair's Intoxication  Tmut/Pois      0%         N/A       100%        5


Dungeon Overview and Level Annotations

Branches:
Dungeon (3/15)

Altars:
Ru
Trog

Shops:
D:1 !?


Innate Abilities, Weirdness & Mutations

You regenerate a little health from kills.
You have a small tail.
Your touch may inflict minor irresistible damage on your foes.


Message History

You are too injured to fight recklessly!
You are too injured to fight recklessly!
You are too injured to fight recklessly!
You are too injured to fight recklessly!
You are too injured to fight recklessly!
The gnoll barely misses you.
The gnoll hits you from afar with a +0 halberd.
You hit the gnoll but do no damage.
You tail-slap the gnoll, but do no damage.
Your touch misses the gnoll.
The gnoll is almost dead.
The gnoll misses you. The gnoll closely misses you.
You closely miss the gnoll.
The gnoll is almost dead.
The gnoll closely misses you.
A gnoll comes into view. It is wielding a +0 spear.
The gnoll closely misses you.
You completely miss the gnoll.
The gnoll shouts!
You tail-slap the gnoll, but do no damage.
The gnoll is almost dead.
The gnoll misses you.
You hit the gnoll.
You kill the gnoll!
The gnoll barely misses you. The gnoll closely misses you.
There is an open door, spattered with blood here.
You hit the gnoll. You tail-slap the gnoll.
The gnoll is moderately wounded.
The gnoll completely misses you.
You barely miss the gnoll.
The gnoll is moderately wounded.
The gnoll misses you.
You hit the gnoll.
Your tail-slap misses the gnoll.
The gnoll is heavily wounded.
The gnoll hits you with a +0 halberd!
You hit the gnoll.
The gnoll is severely wounded.
The gnoll hits you with a +0 halberd!
You die...

#.......#
##)#.##.#.#.##.#.##
#.......#
##.#.##.#.##.#.##.
####....#
##.#.##.##.#.##.#
###'## ##.#.###.#.##.#.
#.## ##.#.#.#.##.#.#
#..#######
##.#.#.##.#.##
##.##....# ##.#.##.#.##
#......)#######.##.#.##
###.....@ggg#####.#.##
##....###....#...###
#....# #.........##
#....####.#†.......#
#....##....)#.###.....
#######.#..†..# ##...
###.###....... ###
#...# ##.#.### #.###
#...#


You could see 3 gnolls.

Vanquished Creatures
  Terence (D:3)
  Jessica (D:3)
  An iguana (D:2)
  A gnoll (D:3)
  An adder (D:2)
  A dart slug (D:2)
  3 orcs (D:3)
  11 bats
  6 endoplasms
  A giant cockroach (D:2)
  6 goblins
  3 hobgoblins
  5 jackals
  6 quokkas
  5 ball pythons
  4 frilled lizards
  5 kobolds
  8 rats
69 creatures vanquished.

Notes
Turn   | Place    | Note
-------+----------+-------------------------------------------
     0 | D:1      | Alarkh the Demonspawn Warper began the quest for the Orb.
     0 | D:1      | Reached XP level 1. HP: 16/16 MP: 3/3
     6 | D:1      | Noticed a ragged hierophant
     6 | D:1      | Noticed a basilisk
     7 | D:1      | Noticed a fire giant
    36 | D:1      | Reached skill level 2 in Unarmed Combat
    96 | D:1      | Found Pico's Distillery.
   151 | D:1      | Discovered your monstrous ancestry.
   151 | D:1      | Gained mutation: Your touch may inflict minor irresistible
                  | damage on your foes. [demonic ancestry]
   151 | D:1      | Reached XP level 2. HP: 20/22 MP: 5/5
   270 | D:1      | Reached skill level 3 in Unarmed Combat
   313 | D:1      | Found Fukken's Magic Scroll Emporium.
   519 | D:1      | Reached XP level 3. HP: 21/27 MP: 6/6
   787 | D:2      | Gained mutation: You regenerate a little health from kills.
                  | [demonic ancestry]
   787 | D:2      | Reached XP level 4. HP: 33/33 MP: 7/7
   806 | D:2      | Reached skill level 4 in Unarmed Combat
  1357 | D:3      | Noticed Jessica
  1359 | D:3      | Killed Jessica
  1397 | D:3      | Found a sacrificial altar of Ru.
  1416 | D:3      | Noticed Terence
  1430 | D:3      | Killed Terence
  1431 | D:3      | Gained mutation: You have a small tail. [demonic ancestry]
  1431 | D:3      | Reached XP level 5. HP: 33/38 MP: 8/8
  1587 | D:3      | Found a bloodstained altar of Trog.
  1605 | D:3      | Reached skill level 5 in Unarmed Combat
  1680 | D:3      | Slain by a gnoll

Illustrated notes

Levels and vault maps discovered:
D:1:      onia_arrival_zoo_common, layout_rooms, serial_shops, shop, shop
D:2:      layout_basic, minmay_pentomino_x2
D:3:      minmay_inner_zag, layout_basic, trog_butcher_becter,
          mainiacjoe_overflow_boulevard, minmay_misc_feat_x, uniq_jessica,
          uniq_terence, uniq_natasha

Skill      XL: |  1  2  3  4  5 |
---------------+----------------+-----
Unarmed Combat | 2 3 4 5 |  5.0
Fighting       | |  2.0
Throwing       | |  0.8
Armour         | |  0.8
Dodging        | |  1.7
Spellcasting   | |  2.0
Translocations | |  2.6

Action                     |  1- 3 |  4- 6 || total
---------------------------+-------+-------++-------
  Melee: Unarmed           |    95 |    70 ||   165
         Punch             |     2 |     2 ||     4
         Touch             |    12 |    16 ||    28
         Tailslap          |       |     8 ||     8
   Stab: Sleeping          |     1 |     3 ||     4
 Armour: Leather armour    |    28 |    15 ||    43
  Dodge: Dodged            |    69 |    43 ||   112
